 Dungeon Crawl Stone Soup version 0.29-a0-82-g837932c90e (webtiles) character file.

Game seed: 260489909534020452

71601 Zonian the Nimble (level 15, -11/85 HPs)
             Began as a Djinni Ice Elementalist on Feb 3, 2022.
             Was a Believer of Yredelemnul.
             Mangled by an orc knight (20 damage)
             ... on level 2 of the Orcish Mines on Feb 4, 2022.
             The game lasted 02:09:45 (31595 turns).

Zonian the Nimble (Djinni Ice Elementalist)        Turns: 31595, Time: 02:09:46

Health: -11/85     AC: 13    Str:  9    XL:     15   Next: 82%
Gold:   1182       EV: 19    Int: 20    God:    Yredelemnul [**....] SH:  5 Dex: 16

rFire   + + .      SeeInvis .   T - +12 spear of the Thieving Coward {flame, rElec rC+ rN+}
rCold   . . .      Faith    .   (no shield)
rNeg    + . .      Spirit   .   o - +0 troll leather armour
rPois   ∞          Reflect  +   q - +0 helmet
rElec   +          Harm     .   w - scarf {shadows}
rCorr   .          Rampage  .   g - +2 pair of gloves
Will    +....                   (boots unavailable)
Stlth   +++++.....              b - amulet of reflection
HPRegen 1.04/turn               O - +4 ring of slaying
MPRegen 0.00/turn               I - +4 ring of protection

@: flying
A: sickness immunity, fire resistance 2, cold vulnerability 1, float, innate
caster, HP casting, extra vitality 1
a: Renounce Religion, Recall Undead Harvest, Dark Bargain


You were on level 2 of the Orcish Mines.
You worshipped Yredelemnul.
Yredelemnul was aware of your devotion.
You visited 3 branches of the dungeon, and saw 18 of its levels.

You collected 1740 gold pieces.
You spent 558 gold pieces at shops.

Inventory:

Hand Weapons
 d - a +1 dagger
 p - a +4 hand axe
 s - a +2 spear of electrocution
 t - a +4 dagger
 u - a +0 spectral quarterstaff
 v - a +0 falchion of flaming
 z - a +4 demon whip of draining
 A - a +0 trident of venom
 F - a +0 scimitar
 L - a +0 hunting sling
 T - the +12 spear of the Thieving Coward (weapon) {flame, rElec rC+ rN+}
   (You found it on level 9 of the Dungeon)

   It burns those it strikes, dealing additional fire damage.
   rC:        It protects you from cold.
   rElec:     It insulates you from electricity.
   rN:        It protects you from negative energy.
Missiles
 c - 40 poisoned darts
 f - 83 sling bullets
 l - 72 bolts
 K - a throwing net
Armour
 g - a +2 pair of gloves (worn)
 j - the +2 ring mail of Cehaid {Drain Regen+ Int+4 Dex+4}
   (You found it on level 3 of the Lair of Beasts)

   Int:       It affects your intelligence (+4).
   Dex:       It affects your dexterity (+4).
   Regen:     It increases your rate of health regeneration.
   Drain:     It drains your maximum health when unequipped.
 m - a +0 leather armour
 o - a +0 troll leather armour (worn)
 q - a +0 helmet (worn)
 w - a scarf of shadows (worn)
 x - a +0 cloak
Magical Staves
 D - a staff of death
 E - a staff of cold
Jewellery
 b - an amulet of reflection (around neck)
 I - a +4 ring of protection (right hand)
 J - an amulet of the acrobat
 O - a +4 ring of slaying (left hand)
 S - a +4 ring of evasion
Wands
 k - a wand of acid (3)
 G - a wand of digging (10)
 V - a wand of flame (11)
 W - a wand of charming (2)
 X - a wand of paralysis (5)
 Z - a wand of polymorph (1)
Scrolls
 n - a scroll of enchant weapon
 y - 2 scrolls of fog
 B - a scroll of fear
 C - 4 scrolls of identify
 H - 3 scrolls of teleportation
 M - 2 scrolls of blinking
Potions
 e - 4 potions of brilliance
 h - 3 potions of resistance
 i - 3 potions of lignification
 N - 2 potions of curing
 P - a potion of mutation
 R - a potion of berserk rage
 U - a potion of haste
 Y - a potion of attraction
Miscellaneous
 Q - a tin of tremorstones (1/2)


   Skills:
 + Level 0.9 Fighting
 - Level 3.0 Long Blades
 - Level 4.0 Maces & Flails
 - Level 6.0 Polearms
 + Level 5.7 Armour
 + Level 14.7 Dodging
 + Level 12.4 Stealth
 + Level 11.0 Spellcasting
 + Level 8.8 Invocations


You had 2 spell levels left.
You knew the following spells:

 Your Spells              Type           Power      Damage    Failure   Level
a - Freeze                Ice            100%       1d11      1%          1
b - Frozen Ramparts       Ice            100%       1d12      1%          3
c - Ozocubu's Armour      Ice            53%        N/A       1%          3
d - Hailstorm             Conj/Ice       53%        3d12      1%          4
e - Slow                  Hex            100%       N/A       1%          1
f - Static Discharge      Conj/Air       53%        N/A       1%          2
g - Scorch                Fire           100%       2d10      1%          2
h - Tukima's Dance        Hex            53%        N/A       1%          3
i - Summon Lightning Spi  Summ/Air       53%        N/A       1%          4
j - Alistair's Intoxicat  Tmut/Pois      35%        N/A       2%          5
k - Death Channel         Necr           26%        N/A       14%         6
Your spell library was empty.

Dungeon Overview and Level Annotations

Branches:
Dungeon (10/15)              Lair (6/6) D:10          Swamp (0/4) Lair:2
  Snake (0/4) Lair:3        Slime (0/5) Lair:5          Orc (2/2) D:9
 Temple: D:4-7          Elf: Orc:2

Altars:
Ashenzari
Cheibriados
Dithmenos
Elyvilon
Hepliaklqana
Makhleb
Nemelex Xobeh
Ru
Trog
Uskayaw
Wu Jian
Xom
Yredelemnul
Zin
Jiyva

Shops:
D:4 (   D:8 ?   Orc:2 *(


Innate Abilities, Weirdness & Mutations

You are immune to sickness and miasma.
You are immune to poison.
Your flesh is very heat resistant. (rF++)
You are vulnerable to cold. (rC-)
You float through the air rather than walking.
You learn spells naturally, not from books.
Your magical power is your life essence.
You have superior vitality. (+4 MHP)


Message History

The orc knight is moderately wounded.
The orc knight hits your skeletal warrior with a +0 great sword!!
The orc warrior throws a silver boomerang.
The silver boomerang hits your skeletal warrior.
The orc warrior hits your orc high priest zombie with a +0 dire flail!!
Your orc high priest zombie hits the orc warrior but does no damage.
Your skeletal warrior hits the orc knight but does no damage.
Your skeletal warrior hits the orc warrior with a +0 hand axe.
Aiming: Throw Flame
Press: ? - help, Shift-Dir - straight line, f/p - orc knight
Aim: an orc knight, wielding a +0 great sword and wearing a +0 plate armour (almost dead, strong, ally target, 68% to hit)
The puff of flame hits the orc knight.
The orc knight is almost dead.
The orc warrior throws a silver boomerang.
The silver boomerang closely misses your skeletal warrior.
You reflect the silver boomerang off an invisible shield around you!
The silver boomerang hits your skeletal warrior but does no damage.
The orc warrior closely misses your orc high priest zombie.
Your orc high priest zombie hits the orc warrior.
Your skeletal warrior hits the orc knight with a +0 hand axe!
The orc knight dies!
Your skeletal warrior hits the orc warrior with a +0 hand axe!
The orc warrior dies!
A black mist starts to gather... x2
You can now drain ambient life force.
Okay, then.
Okay, then.
Yredelemnul sends a servant to aid you.
Yredelemnul accepts your bounty of souls!
You can no longer drain ambient life force.
The orc knight hits you from afar with a +0 bardiche!!
* * * LOW HITPOINT WARNING * * *
The orc warrior hits your orc high priest zombie with a +0 dire flail!
Your orc high priest zombie hits the orc warrior.
You swap places.
Your orc warlord zombie barely misses something.
Your skeletal warrior hits the orc knight with a +0 hand axe!
The orc knight hits you from afar with a +0 bardiche!!
You die...
Your body rises from the dead as a mindless zombie.

.........## .
#..........# . ..
............#..
.......................
.......................
.......................
................@......
........)......W.......
##......o......o.......
#...)))........z......#.
.....)).........).......
..........#.....).......
#...............Z.......
..............#oZ..(....
.......#....)........#..


You could see an orc knight (strong, ally target), a friendly skeletal warrior
(summoned), a friendly shadow wraith (summoned, invisible) and a friendly orc
warlord zombie.

Vanquished Creatures
  Kirke (Lair:5)
  An orc warlord (Orc:1)
  Snorg (Lair:4)
  Harold (D:8)
  5 hydras
  2 boulder beetles
  A catoblepas (Lair:3)
  2 two-headed ogres
  7 death yaks
  A tengu warrior (D:9)
  An orc high priest (Orc:2)
  A skeletal warrior (D:10)
  A bog body (Lair:2)
  An orc knight (Orc:2)
  A lindwurm (Lair:5)
  Pikel (D:5)
  2 cyclopes (D:9)
  3 orc sorcerers (Orc:2)
  An ugly thing (D:9)
  4 black mambas
  4 elephants
  A cane toad (Lair:4)
  A rime drake (Lair:6)
  7 komodo dragons
  2 trolls
  3 hornets (Lair:6)
  10 blink frogs
  A dream sheep (Lair:6)
  5 wyverns
  8 spriggans (Lair:6)
  2 wraiths
  A basilisk (Lair:5)
  58 yaks
  2 hogs (Lair:5)
  2 vampire mosquitoes (D:10)
  A naga (Lair:3)
  6 wargs
  A swamp worm (Lair:2)
  8 water moccasins
  An acid dragon (D:9)
  3 sky beasts
  12 orc warriors
  An ice beast (D:4)
  7 black bears
  A necrophage (D:5)
  5 boggarts (Lair:6)
  8 ogres
  A lemure (D:5)
  10 wolves (Lair:6)
  4 centaurs
  2 kobold brigands (D:10)
  7 bullfrogs
  4 gnoll sergeants
  A wyvern zombie (D:6)
  A scorpion (D:4)
  A wyvern skeleton (D:7)
  A water moccasin skeleton (D:4)
  A killer bee (D:9)
  3 wights
  An electric eel (Lair:2)
  8 howler monkeys
  2 centaur zombies (D:8)
  12 hounds
  4 jellies
  2 gnoll shamans
  11 orc priests
  3 iguanas
  13 orc wizards
  2 killer bee zombies
  A hound skeleton (D:4)
  Robin (D:4)
  8 gnolls
  7 adders
  2 shadow imps
  A white imp (D:6)
  An adder skeleton (D:4)
  3 worms
  A dart slug (D:1)
  47 orcs
  9 endoplasms
  A giant cockroach (D:2)
  17 goblins
  13 hobgoblins
  3 jackals (D:1)
  13 kobolds
  A quokka (D:1)
  8 ball pythons
  5 bats
  A frilled lizard (D:2)
  12 rats
448 creatures vanquished.

Vanquished Creatures (collateral kills)
  An orc warlord (Orc:2)
  A hydra (Lair:1)
  4 centaur warriors (D:9)
  2 death yaks (Lair:2)
  Sonja (Lair:4)
  A bog body (Lair:2)
  A lindwurm (Lair:6)
  An orc knight (Orc:2)
  2 cyclopes
  A faun (shapeshifter) (D:9)
  A black mamba (Lair:2)
  A cane toad (Lair:1)
  9 komodo dragons
  A tengu conjurer (D:9)
  2 trolls
  2 hornets
  4 slime creatures
  7 blink frogs
  4 spriggans (Lair:6)
  2 hogs (Lair:5)
  36 yaks
  A basilisk (D:9)
  2 wyverns (D:9)
  A steam dragon (Lair:3)
  A warg (Orc:2)
  2 nagas (Lair:3)
  7 water moccasins
  7 orc warriors
  3 black bears (Lair:6)
  3 ogres
  6 wolves (Lair:6)
  2 centaurs (D:9)
  4 gnoll sergeants (D:6)
  A bullfrog (D:9)
  A water moccasin skeleton (D:7)
  5 wights (D:9)
  3 howler monkeys
  2 centaur zombies (D:9)
  A hound (D:6)
  2 orc priests
  4 jellies (Lair:1)
  2 orc wizards
  A hound skeleton (D:5)
  3 gnolls (D:6)
  A shadow imp (D:6)
  2 ufetubi (D:6)
  9 orcs
  3 endoplasms (Lair:1)
  3 kobolds (D:10)
166 creatures vanquished.

Vanquished Creatures (others)
  2 spectral slime creatures (D:9)
  2 death yak zombies
  A hydra zombie (D:9)
  2 black mamba zombies
  2 dancing weapons
  2 humans (Lair:5)
  A bog body zombie (Lair:2)
  2 tengu zombies (D:9)
  A lindwurm zombie (Lair:6)
  2 elephant zombies (Lair:4)
  A hornet zombie (Lair:6)
  A dream sheep zombie (Lair:6)
  3 hog zombies (Lair:5)
  4 blink frog zombies
  A vampire mosquito zombie (D:10)
  A rime drake zombie (Lair:6)
  2 komodo dragon zombies
  A cyclops zombie (D:9)
  2 wyvern zombies (D:9)
  2 warg zombies
  4 water moccasin zombies
  4 spriggan zombies (Lair:6)
  26 yak zombies
  2 troll zombies
  6 wolf zombies (Lair:6)
  2 black bear zombies
  3 bullfrog zombies
  5 centaur zombies (D:9)
  A spectral boggart (Lair:6)
  A basilisk zombie (D:9)
  A killer bee zombie (D:9)
  2 ogre zombies
  A sky beast zombie (D:6)
  An acid dragon zombie (D:9)
  4 hound zombies (D:6)
  6 howler monkey zombies
  2 spectral jellies (Lair:1)
  2 adder zombies
  2 iguana zombies (D:5)
  A spectral white imp (D:6)
  2 gnoll zombies
  4 kobold zombies (D:10)
  32 orc zombies
  5 spectral endoplasms (Lair:1)
  A spectral ufetubus (D:6)
  A bush (D:5)
  110 fungi
  120 plants
  2 withered plants (D:5)
388 creatures vanquished.

Grand Total: 1002 creatures vanquished

Notes
Turn   | Place    | Note
-------+----------+-------------------------------------------
     0 | D:1      | Zonian the Djinni Ice Elementalist began the quest for the
                  | Orb.
     0 | D:1      | Reached XP level 1. HP: 15/15 MP: 0/0
   737 | D:1      | Reached XP level 2. HP: 20/21 MP: 0/0
  1829 | D:1      | Reached XP level 3. HP: 15/25 MP: 0/0
  1829 | D:1      | Learned a level 1 spell: Slow
  2794 | D:1      | Found a faded altar of an unknown god.
  2894 | D:1      | Reached skill level 3 in Dodging
  3438 | D:2      | Reached XP level 4. HP: 24/31 MP: 0/0
  3859 | D:2      | You are sucked into a shaft and drop 1 floor!
  5424 | D:3      | Found Zin's Purification Station.
  5438 | D:3      | Found a glowing silver altar of Zin.
  5484 | D:3      | Bought a potion of curing for 90 gold pieces
  5549 | D:3      | Reached XP level 5. HP: 26/35 MP: 0/0
  5549 | D:3      | Learned a level 2 spell: Static Discharge
  5774 | D:3      | Found an ornate altar of the Wu Jian Council.
  5774 | D:3      | Found a white marble altar of Elyvilon.
  5774 | D:3      | Found a shadowy altar of Dithmenos.
  5869 | D:4      | Noticed an ice beast
  6288 | D:4      | Found Iczuebyd's Weapon Shoppe.
  6333 | D:4      | Noticed Robin
  6402 | D:4      | Killed Robin
  6555 | D:4      | Reached skill level 4 in Dodging
  6555 | D:4      | Reached XP level 6. HP: 20/40 MP: 0/0
  7690 | D:4      | Found a shimmering altar of Xom.
  7691 | D:4      | Found a hazy altar of Hepliaklqana.
  7692 | D:4      | Noticed a spectral ugly thing
  7995 | D:4      | Reached XP level 7. HP: 22/45 MP: 0/0
  7995 | D:4      | Learned a level 2 spell: Scorch
  8092 | D:4      | Reached skill level 5 in Dodging
  8959 | D:5      | Entered Level 5 of the Dungeon
  9793 | D:5      | Noticed Pikel
  9798 | D:5      | Killed Pikel
  9799 | D:5      | Reached skill level 6 in Dodging
  9799 | D:5      | Reached skill level 5 in Stealth
  9799 | D:5      | Reached skill level 5 in Spellcasting
  9799 | D:5      | Reached XP level 8. HP: 31/50 MP: 0/0
  9947 | D:5      | Found a basalt altar of Yredelemnul.
 10100 | D:5      | Became a worshipper of Yredelemnul the Dark
 10371 | D:5      | Found a broken altar of Ashenzari.
 10574 | D:5      | Reached skill level 1 in Invocations
 11058 | D:5      | HP: 1/50 [orc priest/divine providence (12)]
 11519 | D:5      | Reached * piety under Yredelemnul
 11519 | D:5      | Reached XP level 9. HP: 38/55 MP: 0/0
 11519 | D:5      | Learned a level 3 spell: Tukima's Dance
 11549 | D:5      | Found a burning altar of Makhleb.
 11765 | D:6      | Reached skill level 7 in Dodging
 11813 | D:6      | Found a sparkling altar of Nemelex Xobeh.
 11820 | D:6      | Identified the +0 leather armour of Honesty {rN+}
 11914 | D:6      | Reached ** piety under Yredelemnul
 12155 | D:6      | Reached *** piety under Yredelemnul
 12729 | D:6      | Noticed a troll
 12774 | D:6      | Reached skill level 8 in Dodging
 13041 | D:6      | Reached XP level 10. HP: 38/60 MP: 0/0
 13861 | D:6      | Reached skill level 5 in Invocations
 14561 | D:6      | Found Ciabbal's Assorted Antiques.
 15592 | D:7      | Reached skill level 9 in Dodging
 16091 | D:7      | Found a snail-covered altar of Cheibriados.
 16154 | D:7      | Found a bloodstained altar of Trog.
 16396 | D:8      | Noticed Harold
 18138 | D:8      | Killed Harold
 18139 | D:8      | Reached XP level 11. HP: 35/65 MP: 0/0
 18139 | D:8      | Learned a level 4 spell: Summon Lightning Spire
 18377 | D:8      | Found Deimp's Magic Scroll Emporium.
 19356 | D:9      | Reached skill level 1 in Long Blades
 19658 | D:9      | Found a staircase to the Orcish Mines.
 19773 | D:9      | Reached skill level 10 in Dodging
 19786 | D:9      | Reached **** piety under Yredelemnul
 19790 | D:9      | Noticed a cyclops
 19790 | D:9      | Noticed a tengu warrior
 19790 | D:9      | Noticed a cyclops
 19790 | D:9      | Noticed a centaur warrior
 19790 | D:9      | Noticed a centaur warrior
 19790 | D:9      | Noticed a centaur warrior
 19794 | D:9      | Noticed a purple ugly thing
 19810 | D:9      | Killed a centaur warrior
 20005 | D:9      | Killed a cyclops
 20171 | D:9      | Killed a tengu warrior
 20172 | D:9      | Reached skill level 1 in Maces & Flails
 20252 | D:9      | Noticed a centaur warrior
 20256 | D:9      | Killed a centaur warrior
 20290 | D:9      | Noticed an eight-headed hydra
 20292 | D:9      | Killed a centaur warrior
 20293 | D:9      | Reached XP level 12. HP: 39/70 MP: 0/0
 20311 | D:9      | Killed an eight-headed hydra
 20341 | D:9      | Killed a centaur warrior
 20342 | D:9      | Reached skill level 11 in Dodging
 20524 | D:9      | Noticed a death drake
 20532 | D:9      | a death drake changed into a faun
 21041 | D:9      | Reached ***** piety under Yredelemnul
 21554 | D:9      | Noticed a two-headed ogre
 21571 | D:9      | Killed a two-headed ogre
 21595 | D:9      | Identified the +12 spear of the Thieving Coward {flame,
                  | rElec rC+ rN+}
 21810 | D:10     | Entered Level 10 of the Dungeon
 21856 | D:10     | Found a staircase to the Lair.
 21857 | D:10     | Noticed a skeletal warrior
 21858 | D:10     | Noticed a two-headed ogre
 21871 | D:10     | Reached skill level 1 in Polearms
 21878 | D:10     | Killed a two-headed ogre
 21879 | D:10     | Reached skill level 10 in Stealth
 21879 | D:10     | Reached XP level 13. HP: 17/75 MP: 0/0
 21879 | D:10     | Learned a level 5 spell: Alistair's Intoxication
 21883 | D:10     | Reached skill level 12 in Dodging
 22358 | D:10     | Found a hide-covered altar of Uskayaw.
 23049 | D:4      | Bought a +2 demon whip of draining for 468 gold pieces
 23224 | Lair:1   | Entered Level 1 of the Lair of Beasts
 23224 | Lair:1   | Noticed a six-headed hydra
 23233 | Lair:1   | Killed a six-headed hydra
 23680 | Lair:1   | Noticed an eight-headed hydra
 23691 | Lair:1   | Killed an eight-headed hydra
 23770 | Lair:1   | Reached ****** piety under Yredelemnul
 24064 | Lair:1   | Noticed a five-headed hydra
 24075 | Lair:1   | Killed a five-headed hydra
 24443 | Lair:2   | Found a frozen archway.
 24624 | Lair:2   | Found a staircase to the Swamp.
 24729 | Lair:2   | Reached skill level 13 in Dodging
 25601 | Lair:2   | Upgraded the game from 0.29-a0-72-g1732ff48e7 to
                  | 0.29-a0-82-g837932c90e
 25638 | Lair:3   | Noticed a catoblepas
 25663 | Lair:2   | Reached XP level 14. HP: 50/80 MP: 0/0
 26378 | Lair:3   | Found a staircase to the Snake Pit.
 26396 | Lair:3   | Reached skill level 10 in Spellcasting
 26399 | Lair:3   | Identified the +2 ring mail of Cehaid {Drain Regen+ Int+4
                  | Dex+4}
 26429 | Lair:3   | Found a sacrificial altar of Ru.
 26450 | Lair:3   | Reached skill level 5 in Polearms
 26968 | Lair:4   | Reached skill level 1 in Armour
 27245 | Lair:4   | Noticed Snorg
 27256 | Lair:4   | Killed Snorg
 27290 | Lair:4   | Noticed Sonja
 27309 | Lair:4   | Killed Sonja
 27312 | Lair:4   | Your ally Snorg died
 28023 | Lair:5   | Found a staircase to the Slime Pits.
 28023 | Lair:5   | Found a viscous altar of Jiyva.
 28346 | Lair:5   | Noticed Kirke
 28365 | Lair:5   | Killed Kirke
 28381 | Lair:5   | Reached skill level 14 in Dodging
 28903 | Lair:6   | Entered Level 6 of the Lair of Beasts
 28917 | Lair:6   | Reached XP level 15. HP: 78/85 MP: 0/0
 28917 | Lair:6   | Learned a level 6 spell: Death Channel
 29859 | Lair:6   | Reached skill level 5 in Armour
 30980 | Orc:1    | Entered Level 1 of the Orcish Mines
 30980 | Orc:1    | Noticed an orc warlord
 31006 | Orc:1    | Killed an orc warlord
 31091 | Orc:2    | Entered Level 2 of the Orcish Mines
 31168 | Orc:2    | Found Terukueng's Antique Weapon Shop.
 31390 | Orc:2    | Found Awommacw's General Store.
 31563 | Orc:2    | Noticed an orc warlord
 31582 | Orc:2    | Killed an orc warlord
 31595 | Orc:2    | Mangled by an orc knight

Illustrated notes

Levels and vault maps discovered:
D:1:      dpeg_arrival_windows_large_door, layout_loops_corners,
          shapermc_ecumenical_altar_mp_urbaneastern, minmay_tromino_i2
D:2:      layout_basic
D:3:      layout_rooms, zin_purify, minitemple, kennysheep_decorative_pillar
D:4:      layout_basic, regret_index_temple_of_mockery, serial_shops,
          nicolae_shop_competitors_out_of_business, uniq_robin
D:5:      layout_loops_ring, lemuel_crystal_altar, yredelemnul_altar_generic,
          lightli_temple_of_fire, kb_lookout_dungeons_type, uniq_pikel
D:6:      lemuel_castle_with_subvaults [lemuel_castle_interior_carwin_2],
          layout_gridville, mainiacjoe_overflow_surrounded_room,
          minmay_temple_entry_from_below_a, serial_shops, nicolae_shop_trees
D:7:      layout_loops_cross, trog_book, mainiacjoe_overflow_tiny_flanked,
          grunt_ministairs_1
D:8:      layout_gridville, serial_shops, shop, serial_co_window_serial,
          co_window_paths_a, co_window_paths_b, co_window_cross_1,
          co_window_of_opportunity_a, co_window_corner_a, co_window_broadway_c,
          co_window_broadway_a, co_window_2corner, co_window_unsneaky_path_a,
          co_window_4corner_a, co_window_sun, uniq_harold
D:9:      minmay_the_grid_square_5x5_4x4
          [minmay_the_grid_square_5x5_broken_cross,
          minmay_the_grid_square_5x5_lines, minmay_the_grid_square_5x5_inner_v,
          minmay_the_grid_square_5x5_trominoes,
          minmay_the_grid_square_5x5_shrine2,
          minmay_the_grid_square_5x5_prize_itemx,
          minmay_the_grid_square_5x5_prize_snowflake,
          minmay_the_grid_square_5x5_beaten_path,
          minmay_the_grid_square_5x5_empty,
          minmay_the_grid_square_5x5_prize_open,
          minmay_the_grid_square_5x5_prize_pseudospiral,
          minmay_the_grid_square_5x5_bridge, minmay_the_grid_square_5x5_comb,
          minmay_the_grid_square_5x5_eight_small,
          minmay_the_grid_square_5x5_one_wall,
          minmay_the_grid_square_5x5_two_small], layout_irregular_city,
          orc_0_dummy
D:10:     layout_basic, mainiacjoe_overflow_paths,
          grunt_lair_entry_orc_guard_hut, minmay_diced_spiral
Lair:1:   lemuel_slime, layout_cave_pods
Lair:2:   layout_hall_layers, nicolae_swamp_entry_splash_gauntlet,
          portal_ice_cave_entry_pillars_2
Lair:3:   layout_loops_ring, guppyfry_snake_entry_garden, basic_altar
Lair:4:   layout_hall_layers, uniq_sonja, uniq_snorg
Lair:5:   layout_roguey, slime_altar_1, grunt_megastairs_1,
          infiniplex_staircase_pool_2, uniq_kirke
Lair:6:   minmay_lair_end_enchanted_forest, layout_concentric_octagons
Orc:1:    layout_diamond_mine
Orc:2:    grunt_orc_gardens, layout_caves, grunt_orc_garden, grunt_orc_garden,
          grunt_orc_garden, grunt_orc_garden

Skill      XL: |  1  2  3  4  5  6  7  8  9 10 11 12 13 14 15 |
---------------+----------------------------------------------+-----
Stealth        | 2 3 5 6 7 9 10 11 12 | 12.4
Dodging        | 3 4 6 8 9 10 11 13 14 | 14.7
Spellcasting   | 4 5 6 7 8 9 10 11 | 11.0
Invocations    | 1 4 5 6 7 8 |  8.8
Long Blades    | 3 |  3.0
Maces & Flails | 2 4 |  4.0
Polearms       | 1 4 6 |  6.0
Armour         | 3 5 |  5.7
Fighting       | |  0.9

Action                   |  1- 3 |  4- 6 |  7- 9 | 10-12 | 13-15 || total
-------------------------+-------+-------+-------+-------+-------++-------
Melee: Unarmed           |     1 |       |       |       |       ||     1
       Dagger            |     7 |    42 |       |    66 |       ||   115
       Spear             |       |    62 |   234 |   226 |   828 ||  1350
       Punch             |       |       |     2 |     6 |    12 ||    20
       Trident           |       |       |       |    61 |       ||    61
       Demon whip        |       |       |       |       |     6 ||     6
Throw: Throwing net      |       |       |     1 |     1 |     2 ||     4
       Dart              |       |       |       |       |     4 ||     4
 Cast: Freeze            |    65 |    66 |    12 |       |       ||   143
       Slow              |       |     5 |     5 |    13 |     1 ||    24
       Static Discharge  |       |     5 |       |     3 |       ||     8
       Frozen Ramparts   |       |     4 |    12 |    22 |    21 ||    59
       Scorch            |       |       |    32 |    35 |     9 ||    76
       Tukima's Dance    |       |       |     1 |    10 |     6 ||    17
       Hailstorm         |       |       |       |     2 |       ||     2
       Summon Lightning  |       |       |       |     3 |     5 ||     8
       Ozocubu's Armour  |       |       |       |     1 |    11 ||    12
       Alistair's Intoxi |       |       |       |       |     1 ||     1
Invok: Recall Undead Har |       |       |     1 |     1 |       ||     2
       Dark Bargain      |       |       |       |       |     3 ||     3
Evoke: Wand              |       |       |     5 |    11 |    16 ||    32
       Tin of tremorston |       |       |       |     2 |     1 ||     3
  Use: Scroll            |       |     4 |     7 |     8 |    17 ||    36
       Potion            |       |       |     3 |     4 |     6 ||    13
 Stab: Sleeping          |     1 |     6 |     4 |     7 |    20 ||    38
       Distracted        |       |     2 |     3 |     4 |    12 ||    21
       Confused          |       |       |       |       |     1 ||     1
Armor: Robe              |     8 |    42 |    46 |   105 |     2 ||   203
       Troll leather arm |       |       |       |       |   190 ||   190
Dodge: Dodged            |    29 |    74 |   137 |   265 |   459 ||   964
Block: Other             |     3 |    36 |    44 |    95 |   130 ||   308
       Reflection        |     1 |       |     2 |    10 |     1 ||    14

Table legend: (Time is in decaauts)
 A = Elapsed time spent in this place.
 B = Non-inter-level travel time spent in this place.
 C = Inter-level travel time spent in this place.
 D = Time resting spent in this place.
 E = Time spent auto-exploring this place.
 F = Levels seen in this place.
 G = Mean time per level.
                   A        B        C        D        E       F      G
               +--------+--------+--------+--------+--------+-----+--------+
         Total |  33271 |  31708 |   1563 |  12328 |  11795 |  18 | 1848.4 |
       Dungeon |  24418 |  23323 |   1095 |  10759 |   7275 |  10 | 2441.8 |
          Lair |   8238 |   7771 |    467 |   1454 |   4389 |   6 | 1373.0 |
  Orcish Mines |    614 |    614 |      0 |    115 |    130 |   2 |  307.0 |
               +--------+--------+--------+--------+--------+-----+--------+

Top non-repeatable levels by time:
     D:6: 3819 daAuts
     D:9: 3417 daAuts
     D:1: 3068 daAuts
     D:4: 2970 daAuts
     D:5: 2669 daAuts
     D:7: 2200 daAuts
     D:8: 2011 daAuts
  Lair:2: 1598 daAuts
     D:2: 1579 daAuts
     D:3: 1551 daAuts
  Lair:1: 1515 daAuts
  Lair:6: 1514 daAuts
  Lair:3: 1366 daAuts
  Lair:4: 1135 daAuts
    D:10: 1132 daAuts
